 Dungeon Crawl Stone Soup version 0.22-a0-412-g2b68d14 (webtiles) character file.

795428 Dargar the Conqueror (level 27, -5/179 HPs)
             Began as a Gargoyle Fighter on May 12, 2018.
             Was the Champion of the Shining One.
             Killed from afar by a Brimstone Fiend (31 damage)
             ... with damnation
             ... on level 7 of Gehenna.
             The game lasted 03:44:12 (85852 turns).

Dargar the Conqueror (Gargoyle Fighter)            Turns: 85852, Time: 03:44:13

Health: -5/179     AC: 59    Str: 31      XL:     27
Magic:  24/32      EV: 16    Int: 10      God:    the Shining One [******]
Gold:   5528       SH: 32    Dex: 10 (12) Spells: 26/26 levels left

rFire    + + +     SeeInvis .   S - +5 sacred scourge (holy)
rCold    + + .     Gourm    .   w - +0 large shield
rNeg     + + +     Faith    .   A - +12 gold dragon scales
rPois    ∞         Spirit   .   X - +2 helmet
rElec    +         Reflect  +   R - scarf {rC+ rF+}
rCorr    .         Harm     .   J - +0 pair of gloves
MR       ++...     Rnd*Rage +   x - +2 pair of boots
Stlth    ..........             G - +5 amulet of reflection
HPRegen  0.39/turn              q - +6 ring of dexterity
MPRegen  0.23/turn              W - ring of protection from fire

@: berserk cooldown, flying, slowed, glowing, very slow
A: big wings, slimy green scales 2, camouflage 1, berserk 3, blurry vision 1,
clumsy 2, deformed body, deterioration 2, dopey 1, frail 1, low mp 2, negative
energy resistance 1, screaming 1, electricity resistance, strong 1, unbreathing,
petrification resistance, no potion heal 2, rot immunity, subdued magic 1,
MP-powered wands, AC +20
}: 3/15 runes: decaying, bone, gossamer
a: Stop Flying, Divine Shield, Cleansing Flame, Summon Divine Warrior, Renounce
Religion


You were on level 7 of Gehenna.
You worshipped the Shining One.
The Shining One was exalted by your worship.
You were not hungry.

You visited 13 branches of the dungeon, and saw 62 of its levels.
You visited the Abyss 1 time.

You collected 8118 gold pieces.
You spent 2590 gold pieces at shops.

Inventory:

Hand Weapons
 a - a +9 eveningstar of freezing
 S - a +5 sacred scourge of holy wrath (weapon)
Missiles
 n - 11 throwing nets (quivered)
 K - 5 poisoned tomahawks
Armour
 b - a scarf of repulsion
 w - a +0 large shield (worn)
 x - a +2 pair of boots (worn)
 A - +12 gold dragon scales (worn)
 J - a +0 pair of gloves (worn)
 R - a scarf of resistance (worn)
 X - a +2 helmet (worn)
Jewellery
 q - a +6 ring of dexterity (left hand)
 F - an uncursed ring of magical power
 G - a +5 amulet of reflection (around neck)
 Q - an uncursed ring of resist corrosion
 T - a +3 ring of intelligence
 W - a ring of protection from fire (right hand)
Wands
 j - a wand of flame (73)
 m - a wand of polymorph (58)
 r - a wand of disintegration (17)
 v - a wand of paralysis (50)
 y - a wand of iceblast (47)
 B - a wand of acid (51)
 L - a wand of enslavement (46)
 M - a wand of digging (14)
 P - a wand of scattershot (13)
Scrolls
 c - 3 scrolls of identify
 g - 6 scrolls of fog
 h - 8 scrolls of blinking
 p - 11 scrolls of immolation
 u - 19 scrolls of teleportation
 D - a scroll of enchant weapon
 H - 23 scrolls of remove curse
 I - 6 scrolls of magic mapping
 N - a scroll of silence
 O - a scroll of summoning
 V - 2 scrolls of brand weapon
Potions
 d - 10 potions of might
 e - 10 potions of agility
 i - 6 potions of heal wounds
 k - 4 potions of cancellation
 l - 12 potions of brilliance
 o - 3 potions of resistance
 s - 6 potions of ambrosia
 t - 24 potions of curing
 z - 6 potions of haste
 E - 2 potions of magic
 U - a potion of berserk rage
Miscellaneous
 C - 3 boxes of beasts
Comestibles
 f - 28 rations


   Skills:
 O Level 27 Fighting
 - Level 16.0 Maces & Flails
 - Level 15.0 Armour
 + Level 24.1 Dodging
 - Level 25.0 Shields
 O Level 27 Invocations


You had 26 spell levels left.
You didn't know any spells.
Your spell library contained the following spells:

 Spells                   Type           Power        Failure   Level  Hunger
 Cause Fear               Hex            #.........   100%        4    #####..
 Fireball                 Conj/Fire      #.........   100%        5    ######.
 Apportation              Tloc           #.....       99%         1    ##.....
 Conjure Flame            Conj/Fire      #.......     100%        3    ####...
 Lightning Bolt           Conj/Air       #.........   100%        5    ######.
 Slow                     Hex            #.......     100%        2    ###....
 Confuse                  Hex            #.......     100%        3    ####...
 Invisibility             Hex            #.......     100%        6    #######
 Throw Flame              Conj/Fire      #.....       100%        2    ###....
 Freezing Cloud           Conj/Ice/Air   #.........   100%        6    #######
 Mephitic Cloud           Conj/Pois/Air  #.......     100%        3    ####...
 Ring of Flames           Chrm/Fire      #.........   100%        7    #######
 Venom Bolt               Conj/Pois      #.........   100%        5    ######.
 Teleport Other           Tloc           #.......     100%        3    ####...
 Summon Small Mammal      Summ           #...         99%         1    ##.....
 Blink                    Tloc           N/A          100%        2    ###....
 Summon Horrible Things   Summ           #.........   100%        8    #######
 Animate Dead             Necr           N/A          100%        4    #####..
 Pain                     Necr           #...         99%         1    ##.....
 Animate Skeleton         Necr           N/A          99%         1    ##.....
 Vampiric Draining        Necr           #.........   100%        3    ####...
 Borgnjor's Revivificati  Necr           #.........   100%        8    #######
 Freeze                   Ice            #...         99%         1    ##.....
 Sticky Flame             Conj/Fire      #.......     100%        4    #####..
 Regeneration             Chrm/Necr      #.........   100%        3    ####...
 Sting                    Conj/Pois      #...         99%         1    ##.....
 Tukima's Dance           Hex            #.......     100%        3    ####...
 Summon Greater Demon     Summ           #.........   100%        7    #######
 Corpse Rot               Necr           N/A          100%        2    ###....
 Iron Shot                Conj/Erth      #.........   100%        6    #######
 Stone Arrow              Conj/Erth      #.....       100%        3    ####...
 Recall                   Summ/Tloc      N/A          100%        3    ####...
 Agony                    Necr           #.......     100%        5    ######.
 Spider Form              Tmut/Pois      #.........   100%        3    ####...
 Blade Hands              Tmut           #.........   100%        5    ######.
 Statue Form              Tmut/Erth      #........    100%        6    #######
 Ice Form                 Ice/Tmut       #.......     100%        4    #####..
 Death Channel            Necr           #.........   100%        6    #######
 Deflect Missiles         Chrm/Air       #.........   100%        6    #######
 Confusing Touch          Hex            #.....       99%         1    ##.....
 Flame Tongue             Conj/Fire      #....        99%         1    ##.....
 Passwall                 Tmut/Erth      #.........   100%        2    ###....
 Sticks to Snakes         Tmut           #.......     100%        2    ###....
 Ensorcelled Hibernation  Hex/Ice        #.....       100%        2    ###....
 Metabolic Englaciation   Hex/Ice        #.........   100%        5    ######.
 Silence                  Hex/Air        #.........   100%        5    ######.
 Shatter                  Erth           #.........   100%        9    #######
 Static Discharge         Conj/Air       #.......     100%        3    ####...
 Corona                   Hex            #......      99%         1    ##.....
 Lee's Rapid Deconstruct  Erth           #.........   100%        5    ######.
 Sandblast                Erth           #.....       99%         1    ##.....
 Simulacrum               Ice/Necr       #.........   100%        6    #######
 Conjure Ball Lightning   Conj/Air       #.........   100%        6    #######
 Portal Projectile        Hex/Tloc       #.....       100%        3    ####...
 Monstrous Menagerie      Summ           #.........   100%        7    #######
 Petrify                  Tmut/Erth      #.......     100%        4    #####..
 Passage of Golubria      Tloc           N/A          100%        4    #####..
 Malign Gateway           Summ/Tloc      #.........   100%        7    #######
 Tornado                  Air            #.........   100%        9    #######
 Leda's Liquefaction      Hex/Erth       #.........   100%        4    #####..
 Summon Hydra             Summ           #.........   100%        7    #######
 Shroud of Golubria       Chrm/Tloc      #.........   100%        2    ###....
 Inner Flame              Hex/Fire       #.......     100%        3    ####...
 Beastly Appendage        Tmut           #.....       99%         1    ##.....
 Dazzling Spray           Conj/Hex       #.....       100%        3    ####...
 Spectral Weapon          Hex/Chrm       #.......     100%        3    ####...
 Discord                  Hex            #.........   100%        8    #######
 Summon Forest            Summ/Tloc      #.........   100%        5    ######.
 Summon Lightning Spire   Summ/Air       #.......     100%        4    #####..
 Hydra Form               Tmut           #.........   100%        6    #######
 Gell's Gravitas          Tloc           #.........   100%        3    ####...
 Yara's Violent Unravell  Hex/Tmut       #.........   100%        5    ######.
 Lesser Beckoning         Tloc           #.........   100%        3    ####...
 Poisonous Vapours        Pois/Air       #.....       100%        2    ###....
 Ignition                 Fire           #.........   100%        8    #######
 Borgnjor's Vile Clutch   Necr/Erth      #.........   100%        5    ######.


Dungeon Overview and Level Annotations

Branches:
Dungeon (15/15)            Temple (1/1) D:4            Lair (6/6) D:8
  Swamp (4/4) Lair:3       Spider (4/4) Lair:3        Slime (0/5) Lair:6
    Orc (2/2) D:12            Elf (3/3) Orc:2        Vaults (4/5) D:13
  Crypt (3/3) Vaults:2       Tomb (0/3) Crypt:3      Depths (5/5) D:15
   Hell (1/1)                 Dis (0/7) Hell            Geh (7/7) Hell
    Coc (0/7) Hell            Tar (7/7) Hell            Zot (0/5) Depths:5

Altars:
Ashenzari
Cheibriados
Dithmenos
Elyvilon
Fedhas
Gozag
Hepliaklqana
Kikubaaqudgha
Makhleb
Nemelex Xobeh
Okawaru
Qazlal
Ru
Sif Muna
Trog
Uskayaw
Vehumet
Wu Jian
Xom
Yredelemnul
Zin
The Shining One
Beogh

Shops:
D:6 [   D:11 [   Orc:2 :([*   Vaults:1 :   Vaults:3 =   Depths:2 ?

Portals:
Hell: Depths:1 Depths:2 Depths:3 Depths:4 Depths:5
Abyss: Depths:2 Depths:4
Pandemonium: Depths:3 Depths:4
Ziggurat: Depths:1
Trove: Elf:3 (show abyssal rune of Zot)

Annotations:
Crypt:1 exclusion: orange crystal statue
Hell exclusion: ice statue


Innate Abilities, Weirdness & Mutations

You are resistant to torment.
Your stone body is resilient. (AC +20)
You are immune to poison.
Your large and strong wings let you fly indefinitely.
You resist negative energy. (rN+)
You are resistant to electric shocks. (rElec)
You can survive without breathing.
You are immune to petrification.
You are immune to rotting.
You are mostly covered in slimy green scales. (AC +3)
Your skin changes colour to match your surroundings (Stealth+).
You have an uncontrollable temper.
Scrolls take you a little longer to read.
You are very clumsy. (Dex -4)
Armour fits poorly on your strangely shaped body.
Your body often deteriorates upon taking damage.
You are dopey. (Int -2)
You are frail. (-10% HP)
Your magical capacity is very low. (-20% MP)
You occasionally shout uncontrollably at your foes.
Your muscles are strong. (Str +2)
Potions are poor at restoring your health.
Your spells are a little easier to cast, but a little less powerful.
You expend magic power (3 MP) to strengthen your wands.


Message History

The golden flame engulfs the Brimstone Fiend.
The Brimstone Fiend writhes in agony!
The Brimstone Fiend is severely wounded.
You are starving!
You hear a shout!
You hear a hideous shriek!
You hear a shout! x3
You block the Brimstone Fiend's attack. x3; The Brimstone Fiend misses you.
The Brimstone Fiend barely misses you.
The Brimstone Fiend hits you but does no damage.
You're too hungry.
Unknown command.
You're too hungry.
Unknown command.
You eat one of the 29 rations.
That ration really hit the spot!
The Brimstone Fiend calls on the powers of darkness!
Your body is wracked with pain!
* * * LOW HITPOINT WARNING * * *
You block the Brimstone Fiend's attack. x3
The Brimstone Fiend gestures at you.
The sphere of damnation explodes!
The damnation engulfs you!
You die...

.....≈≈≈§§ ....#
.......≈≈§ ....#
.......≈≈§ #...##
.......≈§§ #....#
#.....≈≈≈§ #....#
#.......≈§ #....#
#.....≈≈≈≈ #)1..#
##....§.§§ #@..#
##....§≈§ ##...# #....≈≈≈
#.1..# #....§≈≈ ###..).#
#..§§≈≈≈ #####.3....##
##.§§§≈≈≈
............#####..§≈≈≈≈§
....1......''.....§§§≈§§§
......))).''........≈≈≈§≈
...#####.''........§§§§§≈


You could see 2 Brimstone Fiends and a sun demon.

Vanquished Creatures
  Ereshkigal (Tar:7)
  5 ancient liches
  Khufu (Crypt:1)
  2 juggernauts (Depths:2)
  2 greater mummies (Crypt:1)
  Frederick (Depths:4)
  the Lernaean hydra (Swamp:4)
  Margery (Crypt:3)
  A curse toe (Crypt:3)
  Xtahua (Depths:4)
  Saint Roka (Depths:4)
  2 caustic shrikes (Depths:4)
  Geryon (Hell)
  2 golden dragons
  Nikola (Depths:1)
  2 profane servitors
  16 bone dragons
  Arachne (Spider:4)
  21 doom hounds
  10 liches
  48 Tzitzimimeh
  21 Brimstone Fiends
  2 Hell Sentinels
  3 tentacled monstrosities
  2 deep elf blademasters
  A quicksilver dragon (shapeshifter) (Depths:4)
  A quicksilver dragon (Depths:1)
  4 eldritch tentacles
  2 sphinxes
  3 thorn hunters
  18 shadow dragons
  9 ancient champions
  3 tengu reavers
  An Executioner (Abyss:3)
  Donald (Spider:4)
  15 tentacled starspawn
  Agnes (Lair:3)
  The ghost of Totori the Fighter, an adept DrTm of Okawaru (D:14)
  Roxanne (Spider:4)
  5 revenants
  A draconian monk (Abyss:3)
  4 storm dragons
  12 fire giants
  Aizul (Vaults:4)
  2 iron dragons (shapeshifter)
  4 deep elf sorcerers
  2 draconian knights (Depths:5)
  5 iron dragons
  An orc warlord (Orc:1)
  7 frost giants
  2 cacodemons
  11 vault wardens
  6 balrugs
  6 emperor scorpions
  8 ghost moths
  8 deep elf elementalists
  2 ghouls (Crypt:2)
  2 curse skulls (Crypt:1)
  Louise (D:15)
  26 very ugly things
  2 war gargoyles (Depths:4)
  10 ironheart preservers
  15 stone giants
  2 juggernaut skeletons
  41 reapers
  2 lorocyprocas
  4 deep elf demonologists
  An ophan (Abyss:3)
  10 vampire knights
  2 entropy weavers
  2 green draconians (Depths:5)
  6 deep elf annihilators
  2 black draconians (Depths:5)
  A red draconian (Depths:5)
  A yellow draconian (Depths:5)
  14 spark wasps
  7 deep elf death magi
  4 blizzard demons
  2 mummy priests (Crypt:3)
  4 crystal guardians
  4 eidola
  3 deep elf high priests (Elf:3)
  14 ettins
  2 quicksilver dragon zombies
  14 yaktaur captains
  Harold (D:12)
  14 fire dragons
  5 rakshasas
  13 jiangshi
  Erolcha (D:9)
  7 vault guards
  A great orb of eyes (shapeshifter) (Depths:5)
  4 quicksilver dragon skeletons
  11 great orbs of eyes
  12 ice dragons
  3 naga warriors
  27 hydras
  The ghost of Tiareth the Ogre Mage, a novice OgSk of Vehumet (D:10)
  8 ghost crabs
  Erica (Lair:2)
  3 catoblepae
  6 spriggan air magi
  8 centaur warriors
  2 juggernaut simulacra (Depths:4)
  8 alligators
  3 death knights
  A two-headed ogre (shapeshifter) (Elf:3)
  2 death yaks (Lair:5)
  33 two-headed ogres
  14 deep troll earth magi
  15 ogre magi
  8 deep troll shamans
  47 hell hogs
  13 vampire magi
  3 tengu warriors (Depths:2)
  35 dancing weapons
  A naga sharpshooter (Abyss:3)
  The ghost of Patate the Thrower, a novice TrHu of Okawaru (D:7)
  3 orc high priests
  3 spriggan berserkers
  3 storm dragon zombies
  24 deep elf knights
  10 thrashing horrors
  4 titan zombies
  Nergalle (D:11)
  6 iron trolls
  10 soul eaters
  5 spriggans
  5 wretched stars (Abyss:3)
  17 shadow wraiths
  8 sun demons
  10 titan skeletons
  2 iron golems
  A fire crab (Lair:6)
  2 sixfirhies
  2 ghost moth zombies
  A death drake (shapeshifter) (Depths:4)
  140 skeletal warriors
  6 anaconda zombies
  23 flayed ghosts
  36 shadow demons
  3 storm dragon skeletons
  A spatial maelstrom (Abyss:2)
  An unseen horror (Abyss:3)
  7 glowing orange brains
  22 deep trolls
  6 golden dragon zombies
  58 hell knights
  An entropy weaver zombie (Crypt:3)
  9 deep elf archers
  2 shadow dragon zombies
  9 swamp dragons
  2 death drakes
  A kraken simulacrum (Hell)
  3 shambling mangroves
  17 ironbrand convokers
  An infernal demonspawn (Depths:3)
  7 wizards
  3 golden dragon skeletons
  A harpy (shapeshifter) (D:15)
  7 harpies
  32 orb spiders
  A tengu zombie (Vaults:4)
  5 iron dragon zombies
  23 phantasmal warriors
  15 orc knights
  5 shadow dragon skeletons
  A mana viper (shapeshifter) (Depths:4)
  2 mana vipers
  6 frost giant zombies
  8 anaconda skeletons
  A salamander (shapeshifter) (Depths:4)
  6 orc sorcerers
  26 necromancers
  8 stone giant zombies
  43 wolf spiders
  8 cyclopes
  3 wolf spider zombies
  34 ugly things
  62 deep elf magi
  A moth of wrath (Spider:4)
  A faun (shapeshifter) (Depths:1)
  An oklob plant (Lair:2)
  A cyclops (shapeshifter) (Vaults:2)
  5 fire giant zombies
  A salamander (Abyss:3)
  A black mamba (shapeshifter) (Vaults:1)
  10 elephants
  6 iron dragon skeletons
  2 tengu skeletons
  3 worldbinders (Abyss:3)
  7 fire giant skeletons
  7 frost giant skeletons
  4 manticores
  12 vault sentinels
  A shock serpent zombie (Tar:3)
  3 guardian serpents
  4 human skeletons
  6 stone giant skeletons
  9 naga magi
  6 rust devils
  10 black mambas
  6 dire elephant zombies
  A guardian serpent (shapeshifter) (Vaults:2)
  An ice statue (Hell)
  16 smoke demons
  Psyche (D:8)
  3 apocalypse crabs
  5 torpor snails
  A water nymph (shapeshifter) (Depths:1)
  2 eyes of devastation (shapeshifter) (Depths:4)
  28 large abominations
  14 molten gargoyles
  A black draconian zombie (Crypt:1)
  2 catoblepas zombies
  A shock serpent skeleton (Tar:6)
  32 hellions
  4 orange demons (Abyss:3)
  4 dire elephant skeletons
  2 yaktaur zombies
  3 kobold demonologists
  23 spiny frogs
  2 rime drakes (Lair:3)
  An emperor scorpion zombie (Crypt:1)
  50 yaktaurs
  8 ice devils
  11 komodo dragons
  8 efreet
  A green draconian skeleton (Tar:3)
  A hellwing (Depths:3)
  27 tormentors
  16 demonic crawlers
  3 harpy zombies
  24 freezing wraiths
  6 tengu conjurers
  3 trolls
  A troll (shapeshifter) (Depths:1)
  26 red devils
  13 tyrant leeches
  8 ancient zymes
  4 silent spectres
  A grey draconian skeleton (Crypt:3)
  A red draconian skeleton (Crypt:2)
  6 hydra zombies
  27 jumping spiders
  A queen bee (shapeshifter) (Depths:4)
  30 hornets
  A meliai (shapeshifter) (Vaults:2)
  6 guardian mummies
  2 tengu simulacra
  6 meliai (D:15)
  2 minotaur skeletons
  Grinder (D:3)
  A shadow dragon simulacrum (Crypt:3)
  A wolf spider simulacrum (Abyss:3)
  7 hydra skeletons
  A moth of wrath zombie (Crypt:2)
  A hornet (shapeshifter) (Vaults:3)
  4 harpy skeletons
  7 hippogriffs
  19 raiju
  8 bog bodies
  A dream sheep (shapeshifter) (Vaults:4)
  A guardian serpent zombie (Crypt:1)
  11 blink frogs
  27 slime creatures
  5 ice dragon zombies
  A slime creature (shapeshifter) (Vaults:2)
  5 fire dragon zombies
  6 ettin zombies
  A snapping turtle (shapeshifter) (Depths:1)
  An alligator zombie (Geh:7)
  2 frost giant simulacra
  An air elemental (Elf:1)
  6 black mamba zombies
  6 fire dragon skeletons
  3 ettin skeletons
  2 spriggans (shapeshifter)
  51 shadows
  135 flying skulls
  7 ynoxinuls
  100 redbacks
  33 tarantellas
  40 wraiths
  10 wyverns
  2 ushabtiu (Crypt:3)
  A satyr skeleton (Crypt:2)
  8 water elementals
  A yak (shapeshifter) (Depths:2)
  5 alligator skeletons
  5 ice dragon skeletons
  2 spriggan skeletons
  6 fire bats
  13 hungry ghosts
  Eustachio (D:5)
  5 basilisks
  32 yaks
  45 fire elementals
  A catoblepas simulacrum (Abyss:3)
  A steam dragon (Lair:6)
  Menkaure (D:4)
  3 spatial vortices (Abyss:2)
  11 neqoxecs (Abyss:3)
  A human (D:13)
  18 vampire mosquitoes
  33 small abominations
  A gelid demonspawn zombie (Crypt:1)
  A naga (Abyss:3)
  7 chaos spawn
  2 acid dragons
  A merfolk zombie (Hell)
  19 swamp worms
  5 wargs
  13 insubstantial wisps
  An acid dragon (shapeshifter) (Vaults:4)
  29 water moccasins
  89 hell hounds
  2 spiny frog zombies
  A torturous demonspawn zombie (Crypt:1)
  A soldier ant (shapeshifter) (Vaults:2)
  7 porcupines
  A faun skeleton (Crypt:1)
  5 black bears
  13 swamp drakes
  7 ice beasts
  An ice beast (shapeshifter) (D:15)
  28 orc warriors
  2 sky beasts
  5 eyes of draining
  A sky beast (shapeshifter) (Depths:3)
  35 necrophages
  A boggart (shapeshifter) (Depths:4)
  38 ogres
  An alligator simulacrum (Crypt:1)
  5 manticore zombies
  13 phantoms
  6 snapping turtle zombies
  41 starcursed masses
  2 ettin simulacra
  6 boggarts
  12 wolves
  6 centaurs
  4 manticore skeletons
  17 crocodiles
  A swamp dragon skeleton (Tar:2)
  A torpor snail zombie (Crypt:3)
  A dream sheep skeleton (Crypt:2)
  3 snapping turtle skeletons
  A human zombie (Vaults:4)
  2 big kobolds (D:9)
  A big kobold (shapeshifter) (Depths:1)
  A gnoll sergeant (D:9)
  A bullfrog (shapeshifter) (D:15)
  15 bullfrogs
  2 spiny frog simulacra
  An ogre simulacrum (Vaults:1)
  10 earth elementals
  2 human simulacra
  2 elf skeletons
  A komodo dragon skeleton (Crypt:2)
  A wyvern skeleton (D:12)
  3 scorpions
  3 spriggan zombies
  6 killer bees (D:10)
  2 troll skeletons
  117 wights
  4 howler monkeys
  5 lava snakes (Lair:6)
  12 crimson imps
  6 quasits
  5 centaur zombies
  9 hounds
  2 bullfrog zombies
  20 orc priests
  2 bullfrog skeletons
  6 centaur skeletons
  19 jellies
  30 orc wizards
  8 iron imps
  2 iguanas
  9 worker ants
  An acid dragon zombie (Crypt:3)
  An ogre skeleton (Crypt:2)
  A mummy (Crypt:1)
  2 hound skeletons
  A worker ant zombie (Crypt:2)
  Robin (D:4)
  A howler monkey zombie (D:7)
  11 gnolls
  19 adders
  A steam dragon zombie (Crypt:3)
  31 shadow imps
  4 white imps
  2 ufetubi (Abyss:3)
  An iguana zombie (Crypt:2)
  15 oozes
  3 adder zombies
  An iguana skeleton (Crypt:3)
  4 worms
  A barachi zombie (Crypt:3)
  2 dart slugs
  5 leopard geckos
  91 orcs
  3 giant cockroaches
  15 goblins
  18 hobgoblins
  9 jackals
  19 kobolds
  2 quokkas
  3 ball pythons
  6 bats
  6 frilled lizards
  A goblin skeleton (Crypt:1)
  A jackal skeleton (D:7)
  2 kobold zombies
  2 leopard gecko skeletons
  An orc zombie (Geh:5)
  A quokka skeleton (D:4)
  6 rats
  2 fire vortices
  2 plants
  12 starspawn tentacles
  A tentacle (Hell)
3882 creatures vanquished.

Vanquished Creatures (collateral kills)
  Bai Suzhen (Spider:4)
  An iron dragon (Depths:4)
  2 emperor scorpions (Spider:4)
  A deep elf sorcerer (Elf:3)
  A war gargoyle (Depths:4)
  A deep elf demonologist (Elf:3)
  A deep elf annihilator (Elf:3)
  A deep elf death mage (Elf:3)
  2 hydras (Swamp:4)
  Fannar (Lair:2)
  An orb spider (Spider:4)
  4 oklob plants (Lair:3)
  A wolf spider (Spider:4)
  A tyrant leech (Swamp:4)
  A hornet (Spider:4)
  2 blink frogs (Lair:2)
  A redback (Spider:4)
  2 yaks (Lair:3)
  A swamp drake (Swamp:4)
  2 orc warriors (Depths:4)
  A crocodile (Lair:2)
  An orc (Depths:4)
30 creatures vanquished.

Vanquished Creatures (others)
  A deep elf master archer (Depths:4)
  2 stone giants
  A deep elf annihilator (Elf:3)
  A fire dragon (Depths:3)
  2 yaktaur captains
  2 centaur warriors
  A two-headed ogre (Vaults:4)
  An ogre mage (Abyss:3)
  A deep troll earth mage (Depths:3)
  5 hell hogs
  A wretched star (Abyss:3)
  4 deep elf archers
  A deep elf mage (Elf:1)
  A wolf spider zombie (Geh:4)
  A black mamba (Lair:6)
  13 yaktaurs
  A jumping spider (Spider:1)
  2 raiju (Abyss:3)
  An ettin skeleton (Geh:5)
  A wraith (Geh:2)
  A shadow (Tar:4)
  3 orc warriors
  A hell hound (Geh:5)
  A necrophage (Tar:7)
  An eye of draining (Abyss:3)
  A boggart (Depths:1)
  A centaur (D:10)
  3 wights
  2 crimson imps
  A small abomination (Abyss:3)
  An iron imp (Abyss:3)
  An orc wizard (Vaults:2)
  2 ufetubi
  A ball lightning (Geh:5)
  An orc (Depths:4)
  A quokka (D:15)
  A kobold skeleton (Geh:4)
  An orc skeleton (Geh:5)
  A briar patch (Swamp:2)
  6 fungi
  8 lurking horrors
  4 plants (Abyss:3)
  32 starspawn tentacles (Abyss:3)
  4 tentacles (Hell)
122 creatures vanquished.

Grand Total: 4034 creatures vanquished

Notes
Turn   | Place    | Note
-------+----------+-------------------------------------------
     0 | D:1      | Dargar the Gargoyle Fighter began the quest for the Orb.
     0 | D:1      | Reached XP level 1. HP: 14/14 MP: 1/1
   172 | D:1      | Reached XP level 2. HP: 13/19 MP: 2/2
   310 | D:1      | Reached XP level 3. HP: 23/23 MP: 3/3
   993 | D:2      | Reached XP level 4. HP: 29/29 MP: 4/4
  2271 | D:3      | Noticed Grinder
  2271 | D:3      | Paralysed by Grinder for 2 turns
  2278 | D:3      | Paralysed by Grinder for 7 turns
  2292 | D:3      | Paralysed by Grinder for 5 turns
  2311 | D:3      | Killed Grinder
  2311 | D:3      | Reached XP level 5. HP: 27/33 MP: 5/5
  2311 | D:3      | Reached XP level 6. HP: 32/38 MP: 6/6
  2560 | D:3      | Reached skill level 1 in Dodging
  2848 | D:4      | Reached skill level 5 in Shields
  3040 | D:4      | Noticed Menkaure
  3041 | D:4      | Noticed a phantom
  3137 | D:3      | Killed a phantom
  3137 | D:3      | Reached XP level 7. HP: 44/44 MP: 7/7
  3150 | D:4      | Killed Menkaure
  3305 | D:4      | Reached skill level 5 in Maces & Flails
  4120 | D:4      | Noticed Robin
  4166 | D:4      | Killed Robin
  4206 | D:4      | Found a bloodstained altar of Trog.
  4345 | D:4      | Found a staircase to the Ecumenical Temple.
  4446 | Temple   | Entered the Ecumenical Temple
  4548 | Temple   | Became a worshipper of the Shining One
  5093 | D:5      | Entered Level 5 of the Dungeon
  5135 | D:5      | Reached skill level 5 in Armour
  5135 | D:5      | Reached XP level 8. HP: 48/48 MP: 8/8
  5164 | D:5      | Found an ancient bone altar of Kikubaaqudgha.
  5591 | D:5      | Noticed Eustachio
  5653 | D:5      | Killed Eustachio
  5653 | D:5      | Reached skill level 5 in Fighting
  5653 | D:5      | Reached skill level 1 in Invocations
  5936 | D:5      | Found a sparkling altar of Nemelex Xobeh.
  5938 | D:5      | Found a basalt altar of Yredelemnul.
  5938 | D:5      | Found a sparkling altar of Nemelex Xobeh.
  5979 | D:5      | Found an ancient bone altar of Kikubaaqudgha.
  5979 | D:5      | Found a shimmering altar of Xom.
  5979 | D:5      | Found a shimmering altar of Xom.
  6129 | D:6      | Reached * piety under the Shining One
  6417 | D:6      | Got a pitted flail {speed}
  6447 | D:6      | Reached XP level 9. HP: 43/54 MP: 11/11
  6743 | D:6      | Found Woerrybb's Antique Armour Shoppe.
  6849 | D:6      | Noticed a deep elf mage
  6854 | D:6      | Killed a deep elf mage
  7159 | D:7      | Reached skill level 5 in Invocations
  7188 | D:7      | Reached ** piety under the Shining One
  7274 | D:7      | Noticed Patate's ghost (novice TrHu)
  7306 | D:7      | Killed Patate's ghost
  7306 | D:7      | Reached XP level 10. HP: 56/60 MP: 12/14
  7750 | D:8      | Found a staircase to the Lair.
  7875 | D:6      | Bought a slimy chain mail for 266 gold pieces
  8112 | D:8      | Found a white marble altar of Elyvilon.
  8199 | D:8      | Reached *** piety under the Shining One
  8397 | D:8      | Noticed Psyche
  8407 | D:8      | Killed Psyche
  8529 | D:9      | Noticed a kobold demonologist
  8544 | D:9      | Killed a kobold demonologist
  8544 | D:9      | Reached skill level 10 in Maces & Flails
  8648 | D:9      | Identified the +0 chain mail of Wacuusa {Dex+4} (You bought it in a shop on level 6 of the Dungeon)
  8680 | D:9      | Identified the +7 flail "Tantudih" {speed, rElec MR+ Dex-5 SInv} (You took it off an orc on level 6 of the Dungeon)
  8782 | D:9      | Reached XP level 11. HP: 67/67 MP: 13/17
  8863 | D:9      | Noticed a manticore
  8876 | D:9      | Noticed a cyclops
  8878 | D:9      | Killed a manticore
  8941 | D:9      | Killed a cyclops
  9285 | D:9      | Noticed a wizard
  9303 | D:9      | Killed a wizard
  9303 | D:9      | Reached skill level 10 in Invocations
  9547 | D:9      | Noticed Erolcha
  9571 | D:9      | Killed Erolcha
  9812 | D:10     | Entered Level 10 of the Dungeon
  9913 | D:10     | Noticed a two-headed ogre
  9919 | D:10     | Killed a two-headed ogre
  9984 | D:10     | Noticed a two-headed ogre
  9984 | D:10     | Reached **** piety under the Shining One
  9994 | D:10     | Killed a two-headed ogre
 10037 | D:10     | Noticed Tiareth's ghost (novice OgSk)
 10051 | D:10     | Killed Tiareth's ghost
 10051 | D:10     | Reached XP level 12. HP: 73/73 MP: 19/19
 10732 | D:11     | Noticed Nergalle
 10744 | D:11     | Killed Nergalle
 10816 | D:11     | Found Lozahiza's Armour Shoppe.
 11359 | D:11     | Noticed a two-headed ogre
 11374 | D:11     | Killed a two-headed ogre
 11484 | D:12     | Found a roughly hewn altar of Beogh.
 11484 | D:12     | Found a staircase to the Orcish Mines.
 11689 | D:12     | Noticed a two-headed ogre
 11703 | D:12     | Killed a two-headed ogre
 12001 | D:12     | Reached ***** piety under the Shining One
 12403 | D:12     | Noticed Harold
 12420 | D:12     | Killed Harold
 12550 | D:12     | You fall through a shaft for 3 floors!
 12550 | D:15     | Entered Level 15 of the Dungeon
 12550 | D:15     | Noticed an eight-headed hydra
 12626 | D:14     | Noticed a catoblepas
 12635 | D:14     | Killed a catoblepas
 12635 | D:14     | Reached XP level 13. HP: 59/80 MP: 20/20
 12871 | D:15     | Noticed Louise
 12904 | D:15     | Killed Louise
 12965 | D:15     | Reached skill level 10 in Shields
 13286 | D:15     | Reached skill level 10 in Fighting
 13608 | D:15     | Found a staircase to the Depths.
 13658 | D:15     | Found a white marble altar of Elyvilon.
 13702 | D:15     | Reached skill level 10 in Armour
 13854 | D:15     | Reached skill level 5 in Dodging
 14210 | D:14     | Reached ****** piety under the Shining One
 14243 | D:14     | Noticed Totori's ghost (adept DrTm)
 14274 | D:14     | Killed Totori's ghost
 14274 | D:14     | Gained mutation: Your large and strong wings let you fly indefinitely. [Gargoyle growth]
 14274 | D:14     | Reached XP level 14. HP: 88/88 MP: 21/21
 14513 | D:14     | You are sucked into a shaft!
 15933 | D:13     | Found a gate to the Vaults.
 16513 | Lair:1   | Entered Level 1 of the Lair of Beasts
 16757 | Lair:1   | You are sucked into a shaft!
 16886 | Lair:2   | Noticed Fannar
 16913 | Lair:2   | Killed Fannar
 17676 | Lair:2   | Noticed Erica
 17688 | Lair:2   | Killed Erica
 17688 | Lair:2   | Reached XP level 15. HP: 92/92 MP: 22/22
 17761 | Lair:3   | Found a staircase to the Swamp.
 17987 | Lair:3   | Reached skill level 15 in Shields
 19012 | Lair:3   | Got an ichor-stained plate armour
 19031 | Lair:3   | Identified the +13 plate armour "Gypuj" {rCorr Str-4 Int+3} (You found it on level 3 of the Lair of Beasts)
 19182 | Lair:3   | Found a hole to the Spider Nest.
 19796 | Lair:4   | Found a runed door.
 19932 | Lair:4   | Got a polished mace
 19933 | Lair:4   | Identified the +5 mace of Dishonour {freeze, rPois rN++ MR+ Dex-4} (You found it on level 4 of the Lair of Beasts)
 20863 | Lair:6   | Entered Level 6 of the Lair of Beasts
 21465 | Lair:6   | Found a large runed door.
 21465 | Lair:6   | Found a large runed door.
 21982 | Lair:6   | Found a staircase to the Slime Pits.
 22609 | Lair:1   | Reached XP level 16. HP: 97/97 MP: 24/24
 23238 | Orc:1    | Entered Level 1 of the Orcish Mines
 23301 | Orc:1    | Found a roughly hewn altar of Beogh.
 23762 | Orc:2    | Entered Level 2 of the Orcish Mines
 24365 | Orc:2    | Found a roughly hewn altar of Beogh.
 24760 | Orc:2    | Found a burning altar of Makhleb.
 24776 | Orc:2    | Identified the +11 whip of Conservatism {slash, rN+ Int+6 Dex+3} (You found it on level 2 of the Orcish Mines)
 24977 | Orc:2    | Found a staircase to the Elven Halls.
 24978 | Orc:2    | Paralysed by an orc sorcerer for 4 turns
 25227 | Orc:2    | Found Varph's General Store.
 25252 | Orc:2    | Found Soogil's Antique Weapon Emporium.
 25285 | Orc:2    | Found Peniovan's Book Emporium.
 25546 | Orc:2    | Found Sesaira's Antique Armour Emporium.
 26170 | Swamp:1  | Entered Level 1 of the Swamp
 27379 | Swamp:2  | Gained mutation: You have supernaturally acute eyesight. (SInv) [potion of mutation]
 27379 | Swamp:2  | Gained mutation: You are clumsy. (Dex -2) [potion of mutation]
 27379 | Swamp:2  | Gained mutation: Your muscles are strong. (Str +2) [potion of mutation]
 27868 | Swamp:2  | Noticed a thorn hunter
 27873 | Swamp:2  | Noticed a thorn hunter
 27904 | Swamp:2  | Killed a thorn hunter
 27918 | Swamp:2  | Killed a thorn hunter
 28799 | Swamp:3  | Reached XP level 17. HP: 102/102 MP: 25/25
 29319 | Swamp:4  | Entered Level 4 of the Swamp
 30005 | Swamp:4  | Noticed the 27-headed Lernaean hydra
 30147 | Swamp:4  | Killed the 26-headed Lernaean hydra
 30407 | Swamp:4  | Got a decaying rune of Zot
 30832 | D:6      | Bought glowing gold dragon scales for 2324 gold pieces
 30984 | Spider:1 | Entered Level 1 of the Spider Nest
 31177 | Spider:1 | Reached skill level 15 in Invocations
 31183 | Spider:1 | Noticed Agnes
 31224 | Lair:3   | Killed Agnes
 31713 | Spider:1 | Lost mutation: You are clumsy. (Dex -2) [potion of mutation]
 31713 | Spider:1 | Lost mutation: Your muscles are strong. (Str +2) [potion of mutation]
 31713 | Spider:1 | Lost mutation: You have supernaturally acute eyesight. (SInv) [potion of mutation]
 31713 | Spider:1 | Gained mutation: You are agile. (Dex +2) [potion of mutation]
 31713 | Spider:1 | Gained mutation: Your skin changes colour to match your surroundings (Stealth+). [potion of mutation]
 32625 | Spider:2 | Reached XP level 18. HP: 106/112 MP: 29/29
 35157 | Spider:4 | Entered Level 4 of the Spider Nest
 35165 | Spider:4 | Reached skill level 15 in Fighting
 35252 | Spider:4 | Noticed Donald
 35281 | Spider:4 | Killed Donald
 35871 | Spider:4 | Noticed Bai Suzhen
 36321 | Spider:4 | Noticed Roxanne
 36323 | Spider:4 | Identified a scroll of acquirement
 36326 | Spider:4 | Got a dazzling morningstar
 36327 | Spider:4 | Identified the +2 morningstar of the Big Fish {crush, rElec Stlth+} (You acquired it on level 4 of the Spider Nest)
 36367 | Spider:4 | Killed Roxanne
 36368 | Spider:4 | Identified Roxanne's Grimoire of Earth (You took it off Roxanne on level 4 of the Spider Nest)
 36407 | Spider:4 | Killed Bai Suzhen
 36517 | Spider:4 | Reached XP level 19. HP: 108/127 MP: 30/30
 36885 | Spider:4 | Noticed Arachne
 36900 | Spider:4 | Killed Arachne
 36953 | Spider:4 | Lost mutation: You are agile. (Dex +2) [potion of mutation]
 36953 | Spider:4 | Gained mutation: You have a pair of small horns on your head. [potion of mutation]
 36953 | Spider:4 | Gained mutation: Your mind is acute. (Int +2) [potion of mutation]
 36953 | Spider:4 | Gained mutation: You passively map a small area around you. [potion of mutation]
 37112 | Spider:4 | Got a gossamer rune of Zot
 37593 | Depths:1 | Entered Level 1 of the Depths
 38021 | Depths:1 | Found a gateway to Hell.
 38497 | Depths:1 | Noticed Nikola
 38515 | Depths:1 | Killed Nikola
 38755 | Depths:1 | Found a gateway to a ziggurat.
 38855 | Depths:1 | Found a deep blue altar of Sif Muna.
 38866 | Depths:1 | Gained mutation: Armour fits poorly on your strangely shaped body. [a neqoxec]
 38909 | Depths:1 | Identified the +9 great sword of Paan {venom, +Blink +Rage rC+} (You found it on level 1 of the Depths)
 38988 | Depths:1 | Got a steaming pewter amulet
 38989 | Depths:1 | Identified the amulet of Jylly {RegenMP Int+6} (You found it on level 1 of the Depths)
 39164 | Depths:1 | Found a radiant altar of Vehumet.
 39453 | Depths:1 | Found an ancient bone altar of Kikubaaqudgha.
 39453 | Depths:1 | Noticed a tentacled monstrosity
 39467 | Depths:1 | Killed a tentacled monstrosity
 39538 | Depths:1 | Reached XP level 20. HP: 109/140 MP: 31/31
 39560 | Depths:1 | Found a shimmering altar of Xom.
 39620 | Depths:1 | Noticed a golden dragon
 40090 | Depths:1 | Killed a golden dragon
 40245 | Depths:1 | Noticed a juggernaut
 40247 | Depths:1 | Noticed a golden dragon
 40247 | Depths:1 | a juggernaut changed into a golden dragon
 40255 | Depths:1 | a golden dragon changed into an iron dragon
 40314 | Depths:1 | Paralysed by a wizard for 7 turns
 40784 | Depths:1 | Identified the +11 morningstar of Calculation {antimagic, *Contam Int+7} (You acquired it on level 1 of the Depths)
 40829 | Depths:1 | Noticed a lich
 40834 | Depths:1 | Paralysed by a lich for 4 turns
 40849 | Depths:1 | Killed a lich
 40851 | Depths:1 | Found a blossoming altar of Fedhas.
 40945 | Depths:1 | Got a translucent wooden ring
 41291 | Depths:2 | Found a one-way gate to the infinite horrors of the Abyss.
 41400 | Depths:2 | Found Umoaw's Magic Scroll Emporium.
 41493 | Depths:1 | Gained mutation: Potions are less effective at restoring your health. [mutagenic glow]
 41615 | Depths:2 | Gained mutation: You occasionally shout uncontrollably at your foes. [mutagenic glow]
 41646 | Depths:2 | Paralysed by a vampire knight for 2 turns
 41945 | Depths:2 | Identified the cursed ring "Mataohuw" {EV-6 Dex+2} (You took it off an ogre mage on level 1 of the Depths)
 42153 | Depths:2 | Noticed a juggernaut
 42155 | Depths:2 | Noticed a juggernaut
 42646 | Depths:2 | HP: 6/147 [lich/bolt of acid (38)]
 42646 | Depths:2 | The Shining One protects you from harm!
 42991 | Depths:2 | Reached XP level 21. HP: 152/152 MP: 32/32
 43062 | Depths:2 | Killed a juggernaut
 43441 | Depths:2 | Killed a juggernaut
 44612 | Depths:3 | Found a one-way gate leading to the halls of Pandemonium.
 46032 | Depths:4 | Noticed Xtahua
 46043 | Depths:4 | Killed Xtahua
 46467 | Depths:4 | Reached XP level 22. HP: 155/163 MP: 33/33
 46682 | Depths:4 | Gained mutation: Your body sometimes deteriorates upon taking damage. [a shining eye]
 47339 | Depths:4 | Noticed Frederick
 47360 | Depths:4 | Killed Frederick
 47877 | Depths:4 | Noticed a golden dragon
 47895 | Depths:4 | Killed a golden dragon
 48010 | Depths:4 | Noticed Saint Roka
 48040 | Depths:4 | Killed Saint Roka
 48049 | Depths:4 | HP: 7/166 [war gargoyle/spray of metal splinters (34)]
 48627 | Depths:5 | Entered Level 5 of the Depths
 49082 | Depths:5 | Found a gate to the Realm of Zot.
 49902 | Depths:5 | Noticed a caustic shrike
 49904 | Depths:5 | Noticed a caustic shrike
 49912 | Depths:5 | Noticed a caustic shrike
 49937 | Depths:4 | Killed a caustic shrike
 50906 | Depths:4 | Killed a caustic shrike
 50906 | Depths:4 | Reached skill level 27 in Fighting
 50906 | Depths:4 | Reached XP level 23. HP: 67/175 MP: 34/34
 51952 | Elf:1    | Entered Level 1 of the Elven Halls
 53038 | Elf:2    | Found a runed gate.
 53038 | Elf:2    | Found a runed gate.
 53038 | Elf:2    | Found a runed gate.
 53066 | Elf:2    | Lost mutation: Your body sometimes deteriorates upon taking damage. [potion of mutation]
 53066 | Elf:2    | Lost mutation: You passively map a small area around you. [potion of mutation]
 53066 | Elf:2    | Lost mutation: Your mind is acute. (Int +2) [potion of mutation]
 53066 | Elf:2    | Lost mutation: Potions are less effective at restoring your health. [potion of mutation]
 53066 | Elf:2    | Gained mutation: You have supernaturally acute eyesight. (SInv) [potion of mutation]
 53066 | Elf:2    | Gained mutation: You expend magic power (3 MP) to strengthen your wands. [potion of mutation]
 53067 | Elf:2    | Lost mutation: You have a pair of small horns on your head. [potion of mutation]
 53067 | Elf:2    | Lost mutation: Armour fits poorly on your strangely shaped body. [potion of mutation]
 53067 | Elf:2    | Lost mutation: You have supernaturally acute eyesight. (SInv) [potion of mutation]
 53067 | Elf:2    | Gained mutation: Your muscles are strong. (Str +2) [potion of mutation]
 53067 | Elf:2    | Gained mutation: You are partially covered in slimy green scales. (AC +2) [potion of mutation]
 53067 | Elf:2    | Gained mutation: You are mostly covered in slimy green scales. (AC +3) [potion of mutation]
 53897 | Elf:3    | Entered Level 3 of the Elven Halls
 54468 | Elf:3    | HP: 3/175 [deep elf elementalist/fireball (10)]
 55356 | Elf:3    | Reached XP level 24. HP: 181/181 MP: 34/34
 55531 | Elf:3    | Found a portal to a secret trove of treasure.
 55815 | Elf:3    | Identified the Almanac of Stones and Sinister Rites
 55856 | Elf:3    | Identified the Volume of Venom
 55861 | Elf:3    | Identified the Incunabulum of the Glacier
 55867 | Elf:3    | Identified the Grimoire of Moulding and Beguiling
 56157 | Vaults:1 | Entered Level 1 of the Vaults
 57821 | Vaults:1 | Found Kocraim's Book Emporium.
 58474 | Depths:1 | Gained mutation: You tend to lose your temper in combat. [mutagenic glow]
 59592 | Vaults:2 | Found a staircase to the Crypt.
 60309 | Vaults:2 | Reached skill level 15 in Maces & Flails
 60980 | Vaults:3 | Reached XP level 25. HP: 187/187 MP: 34/34
 61084 | Vaults:3 | Found Rakeasu's Jewellery Emporium.
 63304 | Vaults:4 | Noticed Aizul
 63320 | Vaults:4 | Killed Aizul
 63741 | Depths:2 | Voluntarily entered the Abyss.
 64347 | Abyss:2  | Found a sacrificial altar of Ru.
 64351 | Abyss:2  | Reached skill level 15 in Armour
 64487 | Abyss:3  | Found a corrupted altar of Lugonu.
 64535 | Abyss:3  | Found a corrupted altar of Lugonu.
 64808 | Abyss:3  | Paralysed by accursed screaming for 1 turns
 64931 | Abyss:3  | Reached XP level 26. HP: 120/193 MP: 34/34
 65091 | Abyss:3  | Gained mutation: Potions are less effective at restoring your health. [a neqoxec]
 65091 | Abyss:3  | Gained mutation: Your spells are a little easier to cast, but a little less powerful. [a neqoxec]
 65115 | Abyss:3  | Gained mutation: Your body sometimes deteriorates upon taking damage. [a neqoxec]
 65117 | Abyss:3  | Gained mutation: Armour fits poorly on your strangely shaped body. [a neqoxec]
 65259 | Abyss:3  | Reached skill level 10 in Dodging
 65283 | Abyss:3  | Noticed an ancient lich
 65291 | Abyss:3  | Killed an ancient lich
 65437 | Abyss:3  | Paralysed by accursed screaming for 1 turns
 65700 | Abyss:3  | Gained mutation: Your body often deteriorates upon taking damage. [a neqoxec]
 66005 | Abyss:3  | Paralysed by an apocalypse crab for 3 turns
 66009 | Abyss:3  | Lost intelligence.
 66023 | Abyss:3  | Paralysed by accursed screaming for 1 turns
 66045 | Depths:2 | Escaped the Abyss
 66051 | Depths:2 | Lost intelligence.
 66459 | D:12     | Identified a sacred scourge of holy wrath {god gift} (an enchanted demon whip blessed by the Shining One)
 66459 | D:12     | Received a gift from the Shining One
 66627 | Crypt:1  | Entered Level 1 of the Crypt
 66986 | Crypt:1  | Noticed a greater mummy
 67002 | Crypt:1  | Noticed Khufu
 67366 | Crypt:1  | Reached XP level 27. HP: 199/199 MP: 34/34
 67380 | Crypt:1  | Noticed a greater mummy
 67388 | Crypt:1  | Killed a greater mummy
 67396 | Crypt:1  | Killed Khufu
 67403 | Crypt:1  | Killed a greater mummy
 68019 | Crypt:2  | Reached skill level 15 in Dodging
 68607 | Crypt:3  | Entered Level 3 of the Crypt
 68955 | Crypt:3  | Found an ancient bone altar of Kikubaaqudgha.
 68977 | Crypt:3  | Found a basalt altar of Yredelemnul.
 68993 | Crypt:3  | Got a smoking turquoise ring
 68995 | Crypt:3  | Identified the ring "Vidd" {rPois Int+4} (You found it on level 3 of the Crypt)
 69064 | Crypt:3  | Identified the Tome of Dark Rituals
 69098 | Crypt:3  | Noticed an ancient lich
 69114 | Crypt:3  | Killed an ancient lich
 69160 | Crypt:3  | Noticed Margery
 69184 | Crypt:3  | Killed Margery
 69230 | Crypt:3  | Found a staircase to the Tomb.
 70033 | Hell     | Entered the Vestibule of Hell
 70033 | Hell     | Noticed Geryon
 70069 | Hell     | Killed Geryon
 70146 | Hell     | Found a gateway to the ashen valley of Gehenna.
 70375 | Hell     | Found a gateway to the Iron City of Dis.
 70440 | Hell     | Found a gateway to the freezing wastes of Cocytus.
 70584 | Hell     | Found a gateway to the decaying netherworld of Tartarus.
 70893 | Tar:1    | Entered Level 1 of Tartarus
 72640 | Tar:2    | Gained mutation: Scrolls take you a little longer to read. [mutagenic glow]
 72676 | Tar:2    | Gained mutation: You are dopey. (Int -2) [mutagenic glow]
 73991 | Tar:3    | Gained mutation: You are clumsy. (Dex -2) [mutagenic glow]
 75352 | Tar:4    | Found a shadowy altar of Dithmenos.
 75384 | Tar:4    | Gained mutation: You are very clumsy. (Dex -4) [a neqoxec]
 75777 | Tar:4    | Gained mutation: You often lose your temper in combat. [mutagenic glow]
 76388 | Tar:5    | Gained mutation: Potions are poor at restoring your health. [mutagenic glow]
 76567 | Tar:5    | Reached skill level 27 in Invocations
 78302 | Tar:7    | Entered Level 7 of Tartarus
 78591 | Tar:7    | Noticed Ereshkigal
 78616 | Tar:7    | Killed Ereshkigal
 78624 | Tar:7    | HP: 9/199 [??? (1)]
 79753 | Tar:7    | Noticed an ancient lich
 79753 | Tar:7    | Noticed an ancient lich
 79755 | Tar:7    | Noticed an ancient lich
 79757 | Tar:7    | Gained mutation: You have an uncontrollable temper. [a cacodemon]
 79759 | Tar:7    | Killed an ancient lich
 79768 | Tar:7    | Killed an ancient lich
 79775 | Tar:7    | Killed an ancient lich
 80035 | Tar:7    | Got an ancient iron amulet
 80038 | Tar:7    | Identified the amulet of Wytuab {Fragile +Rage rPois MR++ Dex-4} (You found it on level 7 of Tartarus)
 80039 | Tar:7    | Got a fine bone ring
 80042 | Tar:7    | Identified the ring "Walep" {*Tele MR++ Dex+5 Slay-5} (You found it on level 7 of Tartarus)
 80400 | Tar:7    | Got a bone rune of Zot
 80803 | Geh:1    | Entered Level 1 of Gehenna
 82471 | Geh:2    | Gained mutation: Your magical capacity is low. (-10% MP) [mutagenic glow]
 83219 | Geh:3    | Gained mutation: You are frail. (-10% HP) [mutagenic glow]
 83281 | Geh:3    | Gained mutation: Your magical capacity is very low. (-20% MP) [mutagenic glow]
 85480 | Geh:7    | Entered Level 7 of Gehenna
 85852 | Geh:7    | Killed from afar by a Brimstone Fiend

Vault maps used:
D:1:      elethiomel_arrival_shortcut, kennysheep_another_room
D:2:      first_ration, chequers_big_river
D:3:      corexii_leaking_fountain, uniq_grinder
D:4:      minmay_temple_entry_fiery, trog_hazing_becter, uniq_robin,
          uniq_menkaure
D:5:      doesnt_xom_only_xom, lemuel_statue_altar, uniq_eustachio
D:6:      serial_shops, shop_statue, guppyfry_early_elven_hall
D:8:      lair_entry_dummy, basic_altar, uniq_psyche
D:9:      minmay_diamond_stairs, uniq_erolcha
D:11:     serial_shops, shop, uniq_nergalle
D:12:     david_orc_5, uniq_harold
D:13:     grunt_vaults_entry_fortified
D:14:     serial_bayou_pond_d, evilmike_minifort
D:15:     grunt_enter_depths_magical_seal, elyvilon_altar_4,
          statue_in_the_mist_lemuel, st_stairs_7, uniq_louise
Temple:   kilobyte_greek_temple
Lair:1:   grunt_megastairs_3, lemuel_fruit_fields
Lair:2:   lemuel_slime, uniq_fannar, uniq_erica
Lair:3:   lemuel_reptile_caves, minmay_swamp_entry_reptiles,
          spider_nest_entry_funnel_web, st_stairs_11, minmay_lair_oklob_chamber,
          serial_bayou_shore_b
Lair:4:   minmay_stone_trees_small, pf_torpor_hydra
Lair:6:   cheibrodos_lair_end_hotspot, minmay_slime_entry_jelly_boxes
Swamp:1:  serial_swamp_ruin, evilmike_swamp_ruin_house_2,
          evilmike_swamp_ruin_house_5
Swamp:2:  infiniplex_staircase_pool
Swamp:3:  evilmike_swamp_ruin_house_3
Swamp:4:  swamp_old_school
Spider:1: spider_trap, uniq_agnes
Spider:2: einodemon_crawler_minivault
Spider:3: spider_trap, hangedman_stitches_earthworm
Spider:4: guppyfry_spider_rune, nicolae_orb_stairs, uniq_arachne,
          uniq_bai_suzhen, uniq_donald, uniq_roxanne
Orc:1:    basic_altar
Orc:2:    grunt_orc_cross, bloody_makhleb
Elf:1:    hangedman_elven_crosses_minicolossus, amethyst_killhole
Elf:3:    minmay_elf_hall_curves, nicolae_trove_entry_path_of_doom
Vaults:1: nicolae_vaults_little_squares_5, nicolae_vaults_little_squares_2,
          nicolae_vaults_gold_heap, nicolae_vaults_network_quinsquares,
          vaults_room_pools, vaults_standard_mumra_x, hangedman_vaults_maws,
          serial_shops, shop
Vaults:2: dpeg_vaults_waves, hangedman_vaults_maws, vaults_room_corners,
          v_misc_27, nicolae_vaults_shelves_hall,
          nicolae_vaults_border_crossing, minmay_crypt_entry_simple_sparse,
          v_rooms_1, v_misc_10
Vaults:3: v_misc_3, hangedman_vaults_locks, vaults_room_pool,
          nicolae_vaults_shelves_hall, v_alt_pattern_1, nicolae_vaults_asterisk,
          nicolae_vaults_little_squares_1,
          vaults_standard_mumra_enter_the_diamond, ontoclasm_vaults_eye,
          nicolae_vaults_ring_of_whatevers, hangedman_vaults_stagger, v_misc_25,
          serial_shops, shop
Vaults:4: v_misc_16, v_misc_11, v_pattern_2, st_cells, v_misc_24,
          ontoclasm_vaults_ring_small, v_alt_pattern_6, hangedman_vaults_stream,
          v_misc_22, vaults_mumra_lcd, ontoclasm_vaults_chip, v_alt_pattern_4,
          ontoclasm_vaults_loading_screen, nicolae_vaults_mini_display_case,
          vaults_dpeg_ring, uniq_aizul
Crypt:1:  statuecave_lemuel, grunt_crypt_arrival_webbed, uniq_khufu
Crypt:3:  lightli_unholy_cathedral, st_stairs_12, minmay_misc_feat_five,
          uniq_margery
Depths:1: hangedman_box_tower, enter_ziggurat_b, hell_entry,
          hangedman_summoners_spam, uniq_nikola
Depths:2: evilmike_hourglass, hell_entry, abyss_entry_glasseish, serial_shops,
          kennysheep_little_box, corexii_corridor_pit
Depths:3: kennysheep_six_static_rooms, grunt_pan_entry_sceptre, hell_entry,
          hex_tiny, lightli_minifort
Depths:4: hangedman_crystal_crosses_colossus, hell_entry, pan_entry,
          abyss_entry, uniq_frederick, uniq_xtahua, uniq_saint_roka
Depths:5: grunt_x_marks_the_spot, hangedman_coc_ice_floe, serial_bayou_shore_b
Geh:1:    lemuel_old_faithful
Geh:7:    geh_grunt_pentagon
Tar:1:    lemuel_nasty_fountain
Tar:4:    regret_index_dithmenos_brocken_genspenst
Tar:6:    nicolae_tar_cuneiform_to_be
Tar:7:    tar_old
Abyss:1:  lemuel_flamethrower_2

Skill      XL: |  1  2  3  4  5  6  7  8  9 10 11 12 13 14 15 16 17 18 19 20 21 22 23 24 25 26 27 |
---------------+----------------------------------------------------------------------------------+-----
Maces & Flails | 4 5 6 8 10 11 13 14 16 | 16.0
Fighting       | 4 5 6 7 9 10 12 16 20 22 24 27 | 27.0
Shields        | 4 5 7 9 10 14 17 20 22 23 25 | 25.0
Armour         | 4 5 6 7 10 11 12 15 | 15.0
Dodging        | 1 2 3 4 6 7 8 14 24 | 24.1
Invocations    | 3 5 8 10 11 15 27 | 27.0

Action                   |  1- 3 |  4- 6 |  7- 9 | 10-12 | 13-15 | 16-18 | 19-21 | 22-24 | 25-27 || total
-------------------------+-------+-------+-------+-------+-------+-------+-------+-------+-------++-------
Melee: Flail             |   105 |   167 |    19 |   536 |  1572 |  2529 |  1878 |  1732 |       ||  8538
       Unarmed           |       |    10 |       |       |       |       |       |       |       ||    10
       Whip              |       |       |   336 |   170 |       |       |       |       |       ||   506
       Headbutt          |       |       |       |       |       |       |   560 |   218 |       ||   778
       Morningstar       |       |       |       |       |       |       |   135 |    39 |       ||   174
       Eveningstar       |       |       |       |       |       |       |       |   420 |  1323 ||  1743
       Sacred scourge    |       |       |       |       |       |       |       |       |  5599 ||  5599
Throw: Throwing net      |       |       |       |       |       |       |     2 |       |       ||     2
Invok: Summon Divine War |       |       |       |       |     4 |     8 |       |     5 |       ||    17
       Cleansing Flame   |       |       |       |       |       |    20 |     1 |     1 |    63 ||    85
       Divine Shield     |       |       |       |       |       |     3 |       |       |       ||     3
       Brand Weapon With |       |       |       |       |       |       |       |       |     1 ||     1
 Abil: Fly               |       |       |       |       |     1 |       |       |       |       ||     1
Evoke: Wand              |       |       |       |       |     1 |     1 |     1 |       |     1 ||     4
  Use: Scroll            |     8 |     6 |     7 |     7 |    13 |    10 |    13 |    23 |     8 ||    95
       Potion            |       |       |       |       |       |     6 |     4 |     5 |     6 ||    21
  Eat: Chunk             |       |    34 |    14 |    23 |    20 |    12 |    16 |    17 |    16 ||   152
       Ration            |       |       |       |       |     6 |     9 |     7 |     9 |    25 ||    56
Armor: Scale mail        |    57 |    60 |   146 |       |       |       |       |       |       ||   263
       Skin              |       |     1 |       |       |       |       |       |       |       ||     1
       Chain mail        |       |       |    26 |   123 |       |       |       |       |       ||   149
       Plate armour      |       |       |       |    63 |   478 |   584 |       |       |       ||  1125
       Gold dragon scale |       |       |       |       |       |   632 |   558 |   585 |  1733 ||  3508
Dodge: Dodged            |    30 |    48 |   126 |    81 |   161 |   378 |   211 |   184 |  1169 ||  2388
       Deflected         |       |       |       |       |       |       |       |     4 |    25 ||    29
Block: Shield            |    62 |   102 |   238 |   325 |   165 |       |       |       |       ||   892
       Reflection        |       |       |       |    12 |    32 |    31 |    56 |   119 |   105 ||   355
       Large shield      |       |       |       |       |  1106 |  2885 |  1662 |  1797 |  6791 || 14241

Table legend:
 A = Spawn XP
 B = Non-spawn XP
 C = Spawn XP percentage of total XP
 D = Spawn monster count
 E = Non-spawn monster count
 F = Spawn count percentage of total count
 G = Total turns spent on level
                    A         B        C        D         E        F      G
               +---------+---------+-------+---------+---------+-------+---------
         Total |  130681 | 2246463 |   5.5 |     228 |    3703 |   5.8 | 85852
               +---------+---------+-------+---------+---------+-------+---------
           D:1 |       0 |      41 |   0.0 |       0 |      15 |   0.0 |   773
           D:2 |       0 |      84 |   0.0 |       0 |      30 |   0.0 |  1035
           D:3 |       0 |     453 |   0.0 |       0 |      22 |   0.0 |  1089
           D:4 |       0 |     534 |   0.0 |       0 |      34 |   0.0 |  2122
           D:5 |       0 |     550 |   0.0 |       0 |      13 |   0.0 |  1051
           D:6 |       0 |    1810 |   0.0 |       0 |      36 |   0.0 |   939
           D:7 |       0 |    2427 |   0.0 |       0 |      25 |   0.0 |   701
           D:8 |       0 |    2010 |   0.0 |       0 |      29 |   0.0 |   925
           D:9 |       0 |    7432 |   0.0 |       0 |      51 |   0.0 |  1322
          D:10 |       0 |    4017 |   0.0 |       0 |      24 |   0.0 |  1111
          D:11 |       0 |    3025 |   0.0 |       0 |      11 |   0.0 |   962
          D:12 |       0 |    9443 |   0.0 |       0 |      55 |   0.0 |  1619
          D:13 |       0 |    6594 |   0.0 |       0 |      19 |   0.0 |  1200
          D:14 |       0 |   20027 |   0.0 |       0 |      51 |   0.0 |  1573
          D:15 |       0 |   19117 |   0.0 |       0 |      41 |   0.0 |  2453
        Lair:1 |       0 |    4264 |   0.0 |       0 |      21 |   0.0 |  1023
        Lair:2 |       0 |   10065 |   0.0 |       0 |      58 |   0.0 |  1148
        Lair:3 |       0 |   23256 |   0.0 |       0 |      91 |   0.0 |  2336
        Lair:4 |       0 |    2715 |   0.0 |       0 |       9 |   0.0 |   630
        Lair:5 |       0 |    8117 |   0.0 |       0 |      18 |   0.0 |   880
        Lair:6 |       0 |   16469 |   0.0 |       0 |      64 |   0.0 |  1645
       Swamp:1 |       0 |   12627 |   0.0 |       0 |      27 |   0.0 |  1057
       Swamp:2 |       0 |   17375 |   0.0 |       0 |      49 |   0.0 |  1216
       Swamp:3 |       0 |   15213 |   0.0 |       0 |      34 |   0.0 |  1031
       Swamp:4 |       0 |   27541 |   0.0 |       0 |      51 |   0.0 |  1258
      Spider:1 |       0 |   14237 |   0.0 |       0 |      43 |   0.0 |   961
      Spider:2 |       0 |   25827 |   0.0 |       0 |      71 |   0.0 |  2144
      Spider:3 |       0 |   19820 |   0.0 |       0 |      58 |   0.0 |  1177
      Spider:4 |       0 |   54953 |   0.0 |       0 |      97 |   0.0 |  1638
         Orc:1 |       0 |    5435 |   0.0 |       0 |      41 |   0.0 |  1429
         Orc:2 |       0 |    7971 |   0.0 |       0 |      47 |   0.0 |  1404
         Elf:1 |       0 |   25142 |   0.0 |       0 |      42 |   0.0 |   810
         Elf:2 |       0 |   42359 |   0.0 |       0 |      54 |   0.0 |  1541
         Elf:3 |       0 |   53799 |   0.0 |       0 |      57 |   0.0 |  1759
      Vaults:1 |       0 |   25377 |   0.0 |       0 |      47 |   0.0 |  2050
      Vaults:2 |       0 |   66489 |   0.0 |       0 |      99 |   0.0 |  1742
      Vaults:3 |       0 |   50122 |   0.0 |       0 |      85 |   0.0 |  1147
      Vaults:4 |       0 |   77182 |   0.0 |       0 |     108 |   0.0 |  1499
       Crypt:1 |       0 |   50528 |   0.0 |       0 |      48 |   0.0 |   930
       Crypt:2 |       0 |   21898 |   0.0 |       0 |      34 |   0.0 |   759
       Crypt:3 |       0 |   82017 |   0.0 |       0 |      78 |   0.0 |  1088
      Depths:1 |       0 |  103376 |   0.0 |       0 |     106 |   0.0 |  3859
      Depths:2 |       0 |   73846 |   0.0 |       0 |      67 |   0.0 |  2533
      Depths:3 |       0 |   49598 |   0.0 |       0 |      57 |   0.0 |  2240
      Depths:4 |       0 |  105183 |   0.0 |       0 |      77 |   0.0 |  4043
      Depths:5 |       0 |   48511 |   0.0 |       0 |      47 |   0.0 |  1725
          Hell |       0 |   47103 |   0.0 |       0 |      76 |   0.0 |  1462
         Geh:1 |       0 |   56714 |   0.0 |       0 |     120 |   0.0 |   933
         Geh:2 |       0 |   46224 |   0.0 |       0 |      99 |   0.0 |   770
         Geh:3 |       0 |   58409 |   0.0 |       0 |     114 |   0.0 |   883
         Geh:4 |       0 |   47284 |   0.0 |       0 |      83 |   0.0 |   748
         Geh:5 |       0 |   48403 |   0.0 |       0 |      90 |   0.0 |  1003
         Geh:6 |       0 |   24268 |   0.0 |       0 |      37 |   0.0 |   340
         Geh:7 |       0 |   28363 |   0.0 |       0 |      59 |   0.0 |   372
         Tar:1 |       0 |   84170 |   0.0 |       0 |     119 |   0.0 |  1361
         Tar:2 |       0 |  112593 |   0.0 |       0 |     124 |   0.0 |  1780
         Tar:3 |       0 |   59431 |   0.0 |       0 |      90 |   0.0 |  1124
         Tar:4 |       0 |  110577 |   0.0 |       0 |     123 |   0.0 |  1287
         Tar:5 |       0 |   58978 |   0.0 |       0 |      57 |   0.0 |  1204
         Tar:6 |       0 |   70737 |   0.0 |       0 |      73 |   0.0 |  1136
         Tar:7 |       0 |  133758 |   0.0 |       0 |     103 |   0.0 |  1416
       Abyss:1 |    9204 |   10481 |  46.8 |      19 |      26 |  42.2 |   540
       Abyss:2 |    2068 |    4642 |  30.8 |       4 |       6 |  40.0 |   206
       Abyss:3 |  119409 |   25452 |  82.4 |     205 |      63 |  76.5 |  1558
               +---------+---------+-------+---------+---------+-------+---------
